Map: Apotheosis LE

Players

Chammy (Cham) - Winner!

  • Race: Zerg Zerg
  • League: Grandmaster
  • Spawn Location: 5:00

Erik

  • Race: Zerg Zerg
  • League: Grandmaster
  • Spawn Location: 11:00

Event: Copa América 2016 Grand Finals

VOD

Have the link to the VOD?

Description

Time

  • Played on: Oct. 13, 2016, 5:29 p.m.
  • Length: 15:09

All games in this series

Show
View Real Time Build Order
Export as new Build Order

Chammy Zerg - Winner!

Build Orders: Hatch First 

Get SALT Encoding   

  12  0:00  Drone  
  13  0:09  Drone  
  14  0:17  Overlord  
  14  0:37  Drone x3  
  17  0:54  Hatchery  
  16  0:57  Drone  
  16  1:01  Drone  
  18  1:14  Spawning Pool  
  18  1:18  Drone  
  18  1:23  Extractor, Drone  
  18  1:32  Drone  
  19  1:41  Overlord  
  19  1:53  Drone  
  20  2:02  Queen  
  20  2:03  Zergling x2  
  20  2:05  Queen  
  20  2:07  Drone  
  26  2:16  Drone  
  26  2:17  Zergling x2  
  28  2:24  Drone  
  28  2:27  Baneling Nest  
  28  2:28  Drone  
  29  2:35  Drone  
  30  2:38  Queen  
  30  2:42  Zergling x2  
  30  2:43  Queen  
  35  2:46  Zergling x2  
  36  2:51  Overlord  
  36  3:11  Baneling x2  
  36  3:12  Drone x6  
  42  3:15  Drone x2  
  42  3:17  Baneling x2  
  42  3:19  Baneling  
  44  3:22  Overlord  
  44  3:29  Overlord  
  44  3:30  Baneling  
  42  3:49  Drone x2  
  42  3:50  Drone x3  
  42  3:51  Hatchery  
  42  3:54  Drone x2  
  48  3:59  Drone x2  
  50  4:04  Extractor  
  50  4:06  Roach Warren  
  48  4:11  Zergling x4  
  48  4:12  Overlord  
  50  4:17  Lair  
  50  4:18  Drone  
  50  4:21  Drone  
  52  4:30  Drone x2  
  54  4:31  Drone  
  54  4:32  Drone  
  54  4:33  Overlord  
  54  4:34  Drone x2  
  57  4:38  Baneling x2  
  57  4:39  Overlord  
  57  4:40  Drone  
  57  4:43  Drone  
  59  4:59  Roach  
  62  5:00  Roach x2  
  62  5:01  Roach x2  
  62  5:05  Roach x3  
  74  5:14  Extractor  
  74  5:15  Drone x2, Roach  
  74  5:17  Extractor  
  74  5:20  Extractor, Baneling x2  
  75  5:25  Drone  
  75  5:26  Extractor, Drone x2  
  77  5:32  Drone x3  
  77  5:35  Overlord  
  79  5:36  Drone x2  
  79  5:38  Drone  
  79  5:41  Overlord  
  79  5:42  Drone x2  
  84  5:43  Drone  
  84  5:46  Overlord  
  84  5:52  Spire  
  84  5:54  Roach x3  
  89  6:01  Overlord x2  
  89  6:02  Roach x3  
  89  6:04  Roach  
  97  6:10  Roach x3  
  103  6:13  Roach  
  103  6:14  Roach  
  107  6:20  Roach x4  
  114  6:25  Drone  
  114  6:26  Drone  
  114  6:30  Overlord  
  116  6:35  Drone  
  116  6:39  Overlord x2  
  117  6:43  Metabolic Boost  
  117  6:52  Overlord  
  117  6:53  Drone x2  
  119  6:55  Overlord  
  119  7:03  Hatchery, Mutalisk x2  
  119  7:07  Mutalisk x2  
  126  7:12  Mutalisk x3  
  132  7:15  Overlord  
  132  7:16  Overlord  
  132  7:17  Drone  
  132  7:18  Drone x2  
  132  7:22  Mutalisk x2  
  137  7:28  Overlord x2  
  140  7:31  Hatchery  
  140  7:33  Mutalisk  
  140  7:35  Overlord  
  141  7:38  Zerg Flyer Armor Level 1  
  141  7:40  Overlord  
  141  7:42  Zergling x4  
  143  7:48  Mutalisk  
  143  7:50  Zergling x4, Overlord  
  143  7:51  Zergling x2  
  148  7:52  Drone  
  148  7:55  Evolution Chamber, Overlord, Mutalisk x2  
  148  7:57  Zergling x4  
  154  7:59  Zergling x2  
  154  8:04  Mutalisk  
  157  8:08  Overlord  
  157  8:10  Mutalisk  
  157  8:12  Drone  
  154  8:15  Zergling x2  
  154  8:18  Mutalisk  
  157  8:21  Overlord  
  157  8:23  Mutalisk  
  157  8:25  Zergling x6  
  161  8:31  Extractor  
  161  8:33  Extractor  
  154  8:35  Mutalisk x2  
  154  8:38  Zergling x6  
  138  8:41  Drone x3  
  138  8:44  Drone  
  139  8:49  Drone x4  
  143  8:59  Drone x5  
  143  9:00  Drone x2  
  150  9:04  Drone  
  150  9:07  Drone x2  
  150  9:09  Drone  
  154  9:14  Overlord  
  154  9:16  Mutalisk  
  156  9:20  Mutalisk  
  156  9:21  Mutalisk  
  156  9:22  Mutalisk  
  162  9:24  Mutalisk  
  162  9:29  Mutalisk  
  166  9:32  Zerg Flyer Weapons Level 1  
  166  9:34  Mutalisk  
  166  9:38  Mutalisk, Drone  
  164  9:40  Mutalisk  
  164  9:43  Drone x2  
  164  9:44  Zergling x4  
  167  9:49  Mutalisk  
  157  9:53  Mutalisk  
  147  10:09  Mutalisk x3  
  147  10:11  Zergling x4  
  147  10:13  Drone x2  
  147  10:14  Drone x4  
  158  10:21  Mutalisk  
  159  10:23  Mutalisk  
  159  10:26  Mutalisk  
  164  10:31  Mutalisk  
  164  10:33  Overlord  
  166  10:36  Zergling x2  
  166  10:37  Zergling x2  
  166  10:39  Mutalisk  
  166  10:41  Zergling x2  
  171  10:45  Mutalisk  
  171  10:49  Mutalisk  
  175  10:51  Zergling x8  
  179  11:05  Mutalisk x2  
  179  11:06  Mutalisk  
  179  11:09  Mutalisk  
  185  11:11  Mutalisk  
  185  11:14  Zergling x12  
  185  11:15  Zergling x4  
  185  11:16  Mutalisk  
  192  11:31  Mutalisk x3  
  197  11:35  Zergling x6  
  197  11:39  Overlord  
  200  11:47  Zerg Melee Weapons Level 1  
  200  11:49  Zerg Flyer Weapons Level 2  
  200  11:51  Hatchery  
  200  11:54  Zergling x2  
  199  12:13  Mutalisk  
  192  12:43  Mutalisk x2  
  192  12:44  Mutalisk  
  188  12:48  Mutalisk x2  
  190  12:52  Mutalisk x4  
  190  12:55  Mutalisk  
  192  12:59  Zergling x2  
  192  13:01  Zergling x2  
  184  13:06  Mutalisk  
  184  13:08  Zergling x2  
  184  13:11  Zergling x2  
  165  13:16  Mutalisk  
  159  13:23  Mutalisk  
  159  13:24  Zergling x2  
  158  13:28  Mutalisk  
  158  13:29  Zergling x2  
  158  13:33  Drone x4, Queen x2  
  158  13:34  Queen  
  163  13:39  Mutalisk  
  161  13:41  Zergling x2  
  161  13:43  Queen  
  161  13:44  Mutalisk  
  161  13:48  Zergling x2  
  159  13:53  Drone x3  
  159  13:55  Extractor  
  149  13:56  Extractor, Drone  
  149  14:06  Mutalisk x2  
  149  14:08  Zergling x2  
  149  14:09  Zergling x2  
  147  14:16  Mutalisk  
  129  14:17  Zergling x4  
  129  14:18  Drone  
  116  14:24  Queen  
  116  14:25  Queen x3  
  116  14:27  Mutalisk  
  116  14:28  Zergling x2  
  116  14:29  Zergling x2  
  125  14:45  Mutalisk  
  125  14:46  Zergling x6  
  125  14:49  Zergling x4  
Show
View Real Time Build Order
Export as new Build Order

Erik Zerg 

Build Orders: Hatch First 

Get SALT Encoding   

  12  0:00  Drone  
  13  0:13  Overlord  
  13  0:17  Drone  
  14  0:31  Drone  
  14  0:32  Drone  
  17  0:35  Drone  
  17  0:53  Hatchery  
  16  0:59  Drone  
  16  1:01  Drone  
  18  1:04  Extractor  
  17  1:18  Spawning Pool  
  16  1:24  Drone x2  
  18  1:32  Drone  
  19  1:42  Drone  
  20  1:52  Overlord  
  20  2:06  Metabolic Boost, Queen  
  22  2:13  Queen  
  24  2:16  Drone  
  24  2:18  Drone  
  24  2:21  Zergling x2  
  27  2:23  Zergling x2  
  27  2:29  Baneling Nest  
  27  2:32  Drone  
  27  2:37  Drone x2  
  30  2:47  Zergling x2  
  30  2:49  Zergling x4  
  33  2:53  Spine Crawler  
  32  3:03  Drone  
  33  3:11  Hatchery  
  33  3:12  Drone x2  
  34  3:16  Overlord  
  34  3:18  Baneling x2  
  34  3:20  Zergling x2  
  34  3:21  Zergling x2  
  36  3:30  Overlord x2  
  36  3:35  Zergling x2  
  36  3:36  Zergling x2  
  38  3:42  Drone  
  36  3:52  Drone x3  
  36  3:54  Drone x3  
  40  3:57  Evolution Chamber  
  40  4:01  Extractor, Evolution Chamber  
  37  4:14  Overlord  
  37  4:16  Overlord  
  37  4:29  Drone x3  
  36  4:33  Zerg Ground Armor Level 1, Zerg Melee Weapons Level 1  
  36  4:35  Baneling x2  
  36  4:36  Drone x2  
  36  4:37  Drone x3  
  41  4:42  Queen  
  43  4:48  Drone  
  43  4:49  Drone x2  
  43  4:51  Drone  
  46  5:01  Overlord  
  46  5:02  Drone, Lair  
  47  5:08  Drone  
  47  5:09  Drone x3  
  47  5:14  Zergling x6  
  53  5:15  Zergling x2  
  53  5:17  Baneling  
  53  5:18  Baneling x3  
  55  5:25  Zergling x6  
  55  5:26  Zergling x4  
  55  5:27  Zergling x2  
  61  5:38  Zergling x12  
  61  5:39  Zergling x2  
  67  5:52  Zergling x8  
  67  5:53  Zergling x6  
  67  5:56  Baneling x2  
  74  5:57  Baneling x2  
  74  6:03  Drone x3  
  77  6:06  Extractor  
  77  6:07  Extractor  
  77  6:08  Spire  
  77  6:10  Spine Crawler  
  72  6:12  Drone  
  72  6:13  Drone x2  
  72  6:15  Extractor  
  72  6:18  Spine Crawler  
  68  6:30  Zergling x14  
  74  6:35  Drone x2  
  74  6:37  Spine Crawler  
  74  6:38  Drone x4  
  74  6:39  Spine Crawler  
  78  6:40  Drone, Spine Crawler  
  78  6:42  Drone  
  78  6:45  Drone  
  80  6:55  Zergling x2  
  80  6:59  Overlord x2  
  80  7:00  Overlord x2  
  81  7:16  Drone  
  81  7:19  Extractor, Drone  
  81  7:20  Drone x3  
  84  7:24  Mutalisk x4  
  84  7:25  Mutalisk x2  
  95  7:35  Mutalisk x2  
  99  7:44  Drone x2  
  100  7:48  Drone x2  
  100  7:50  Hatchery  
  102  7:58  Mutalisk  
  102  7:59  Mutalisk x3  
  102  8:03  Overlord x2  
  107  8:17  Overlord  
  107  8:24  Mutalisk x2  
  107  8:25  Mutalisk x2  
  113  8:39  Mutalisk  
  113  8:40  Mutalisk x2  
  111  8:42  Zergling x14  
  111  8:49  Spore Crawler x2  
  111  8:51  Spore Crawler  
  111  8:53  Zerg Flyer Armor Level 1  
  108  8:55  Zergling x2  
  108  8:56  Zergling x4  
  111  9:04  Drone x2  
  111  9:05  Drone x2  
  115  9:10  Spore Crawler  
  115  9:11  Mutalisk  
  115  9:12  Extractor  
  115  9:16  Extractor  
  114  9:18  Mutalisk x3  
  114  9:21  Drone x7  
  127  9:28  Overlord  
  125  9:49  Mutalisk  
  125  9:50  Mutalisk x2  
  122  9:57  Zergling x2  
  122  9:58  Zergling x22  
  126  10:06  Mutalisk  
  126  10:07  Mutalisk x4  
  102  10:09  Queen x2  
  110  10:28  Mutalisk x2  
  106  10:29  Mutalisk x2  
  106  10:33  Zergling x24  
  126  10:40  Infestation Pit  
  126  10:41  Spore Crawler  
  124  10:45  Drone x4  
  128  10:54  Overlord x2  
  127  10:59  Burrow  
  126  11:10  Overlord x3  
  120  11:12  Queen  
  111  11:27  Pathogen Glands  
  111  11:28  Infestor x5  
  115  11:38  Mutalisk x3  
  116  11:46  Extractor, Mutalisk  
  117  11:48  Zergling x12  
  122  12:06  Mutalisk x2  
  122  12:07  Infestor x4, Mutalisk  
  124  12:13  Mutalisk  
  124  12:14  Mutalisk x2  
  115  12:28  Mutalisk x2  
  113  12:39  Zergling x8  
  65  12:59  Mutalisk x2  
  65  13:00  Mutalisk  
  69  13:08  Mutalisk  
  63  13:23  Mutalisk x2  
  59  13:30  Infestor x4  
  59  13:33  Mutalisk  
  48  13:47  Mutalisk  
  50  13:53  Infestor x4  
Tags
 
Add a new tag
Caveats
  • Supply blocks, unpowered buildings, or Contaminate may cause inaccurate times.
  • Supply counts are checked every 10 seconds.